 Dungeon Crawl Stone Soup version 0.31-a0-640-g39d97e502b (webtiles) character file.

Game seed: 15231929412570578340

4 GordonOverkill the Sneak (level 1, -1/11 HPs)
             Began as a Vine Stalker Delver on Aug 28, 2023.
             Slain by an orc wizard
             ... wielding a +0 dagger
              (3 damage)
             ... on level 3 of the Dungeon.
             The game lasted 00:00:27 (63 turns).

GordonOverkill the Sneak (Vine Stalker Delver)        Turns: 63, Time: 00:00:27

Health: -1/11      AC:  3    Str: 14    XL:     1   Next: 60%
Magic:  0/2        EV: 11    Int: 10    God:
Gold:   0          SH:  0    Dex: 15    Spells: 0/0 levels left

rFire   . .          .
                       - Unarmed
rCold   . . .        (no shield)
rNeg    . . .        a - +0 leather armour
rPois   .            (no helmet)
rElec   .            (no cloak)
rCorr   .            (no gloves)
SInv    .            (no boots)
Will    .....        (no amulet)
Stlth   +++          (no ring)
HPRegen 0.21/turn    (no ring)
MPRegen 0.08/turn

%: guardian spirit
@: hasted, very quick
A: fangs 2, magic shield, antimagic bite, no potion heal 2
a: no special abilities


You were on level 3 of the Dungeon.
You visited 1 branch of the dungeon, and saw 4 of its levels.

Inventory:

Armour
 a - a +0 leather armour (worn)
Wands
 f - a wand of digging (3)
Scrolls
 b - a scroll of fog
 c - a scroll of revelation


   Skills:
 + Level 2.8 Fighting
 - Level 1.5 Dodging
 - Level 6.0 Stealth
 + Level 2.2 Unarmed Combat


You couldn't memorise any spells.
You didn't know any spells.
Your spell library was empty.

Dungeon Overview and Level Annotations

Branches:
Dungeon (6/15)
 Temple: D:4-7

Altars:


Innate Abilities, Weirdness & Mutations

You have extremely sharp teeth.
When hurt, damage is shared between your health and your magic reserves.
Your bite disrupts and absorbs the magic of your enemies.
Potions cannot restore your health.


Message History

The adder attacks as it pursues you! The adder misses you.
Found 11 gold pieces.
Found 10 gold pieces.
There is an escape hatch in the ceiling here.
A mysterious force pulls you upwards. The hatch slams shut behind you.
Found a stone staircase leading up.
An orc comes into view. It is wielding a +0 flail.
A goblin and an orc come into view.
There is a stone staircase leading up here.
Magic restored.
You climb upwards.
There is a stone staircase leading down here.
An orc comes into view. It is wielding a +0 war axe.
The orc shouts!
An orc comes into view. It is wielding a +0 whip.
The orc wizard shouts!
You hit the orc.
The orc is moderately wounded.
You closely miss the orc. Your bite misses the orc.
The orc is moderately wounded.
You closely miss the orc. Your bite misses the orc.
The orc is moderately wounded.
The orc barely misses you.
You hit the orc. You bite the orc, but do no damage.
The orc is severely wounded.
You barely miss the orc.
The orc is severely wounded.
The orc hits you with a +0 war axe!
Ouch! That really hurt!
* * * LOW HITPOINT WARNING * * *
You closely miss the orc. You bite the orc.
You kill the orc!
You hit the orc wizard but do no damage.
Your punch misses the orc wizard.
You bite the orc wizard, but do no damage.
You hit the orc wizard.
You bite the orc wizard, but do no damage.
The orc wizard is lightly wounded.
The orc wizard hits you with a +0 dagger.
You die...

... #.#
###..##
#>....#
#.###..#
#.# #.#
#.# #@#
#o# #o#
#.# #.#
#.# ..#
###


You could see an orc wizard and an orc.

Vanquished Creatures
  2 orcs
2 creatures vanquished.

Notes
Turn   | Place    | Note
-------+----------+-------------------------------------------
     0 | D:5      | GordonOverkill the Vine Stalker Delver began the quest for
                  | the Orb.
     0 | D:5      | Reached XP level 1. HP: 11/11 MP: 2/2
     1 | D:6      | Noticed an iguana
     1 | D:6      | Noticed a scorpion
    13 | D:5      | Noticed an orc warrior
    14 | D:5      | Noticed a black bear
    27 | D:5      | Noticed a scorpion
    50 | D:3      | Noticed an orc wizard
    63 | D:3      | Slain by an orc wizard

Illustrated notes

Levels and vault maps discovered:
D:3:      layout_basic, small_statue_intersection
D:4:      layout_loops_ring, lemuel_tele_altar, serial_shops, shop,
          minmay_fractal_squares_5, uniq_pikel, uniq_natasha
D:5:      minmay_spotlight, layout_cave_pools,
          chequers_temple_overflow_minitemple
D:6:      layout_cave_pools, eino_small_chamber_without_monster, uniq_maggie,
          uniq_duvessa

Action                     || total
---------------------------++-------
  Melee: Unarmed           ||    10
         Bite              ||     4
         Punch             ||     1
    Use: Scroll            ||     1
         Potion            ||     1
 Armour: Leather armour    ||     1
  Dodge: Dodged            ||     4

Table legend: (Time is in decaauts)
 A = Elapsed time spent in this place.
 B = Non-inter-level travel time spent in this place.
 C = Inter-level travel time spent in this place.
 D = Time resting spent in this place.
 E = Time spent auto-exploring this place.
 F = Levels seen in this place.
 G = Mean time per level.
                   A        B        C        D        E       F      G
               +--------+--------+--------+--------+--------+-----+--------+
         Total |     52 |     52 |      0 |      0 |      0 |   4 |   13.0 |
       Dungeon |     52 |     52 |      0 |      0 |      0 |   4 |   13.0 |
               +--------+--------+--------+--------+--------+-----+--------+

Top non-repeatable levels by time:
     D:5: 37 daAuts
     D:3: 8 daAuts
     D:4: 4 daAuts
     D:6: 1 daAuts
